 Dungeon Crawl Stone Soup version 0.31.0-32-g396128a36d (webtiles) character file.

Game seed: 12753330117573399962

57 TacoSundae the Changeling (level 4, -12/21 HPs)
             Began as a Vine Stalker Shapeshifter on Apr 5, 2024.
             Engulfed by a cloud of poison gas (14 damage)
             ... on level 2 of the Dungeon.
             The game lasted 00:01:51 (315 turns).

TacoSundae the Changeling (VSSh)                     Turns: 315, Time: 00:01:51

Health: -12/21     AC:  5    Str: 16    XL:     4   Next: 0%
Magic:  0/5        EV: 11    Int: 10    God:
Gold:   33         SH:  0    Dex: 16    Spells: 3/3 levels left

rFire   . .          .
                       - Unarmed
rCold   . . .        (no shield)
rNeg    . . .        i - +0 ring mail
rPois   .            (helmet currently unavailable)
rElec   .            (cloak currently unavailable)
rCorr   .            (gloves currently unavailable)
SInv    .            (boots currently unavailable)
Will    .....        (no amulet)
Stlth   +            (no ring)
HPRegen 1.03/turn    (no ring)
MPRegen 0.09/turn

%: guardian spirit
@: lethally poisoned (-12 -> -22), beast-form, on berserk cooldown, slowed, very
slow
A: beast (slay +2), fangs 2, regeneration 1, magic shield, antimagic bite, no
potion heal 2
a: Begin Untransformation


You were on level 2 of the Dungeon.
You were a hulking beast.
You visited 1 branch of the dungeon, and saw 2 of its levels.

You collected 33 gold pieces.

Inventory:

Missiles
 f - 3 poisoned darts (quivered)
Armour
 i - a +0 ring mail (worn)
Jewellery
 e - a +6 ring of intelligence
Talismans
 c - a beast talisman
 d - a flux talisman


   Skills:
 - Level 0.8 Fighting
 - Level 1.5 Dodging
 - Level 3.0 Unarmed Combat
 + Level 4.5 Shapeshifting


You had 3 spell levels left.
You didn't know any spells.
Your spell library contained the following spells:

 Spells                   Type           Power      Damage    Failure   Level
 Lesser Beckoning         Tloc           0%         N/A       73%         2
 Gell's Gravitas          Tloc           0%         N/A       91%         3
 Inner Flame              Hex/Fire       0%         N/A       91%         3
 Teleport Other           Tloc           0%         N/A       91%         3
 Irradiate                Conj/Alch      0%         3d11      100%        5
 Ignition                 Fire           0%         3d3       100%        8


Dungeon Overview and Level Annotations

Branches:
Dungeon (1/15)

Altars:


Innate Abilities, Weirdness & Mutations

You are a hulking beast.
Your limbs bulge with bestial killing power. (Slay +2)
You have extremely sharp teeth.
Your natural rate of healing is unusually fast.
When hurt, damage is shared between your health and your magic reserves.
Your bite disrupts and absorbs the magic of your enemies.
Potions cannot restore your health.


Message History

The gnoll hits you from afar with a +0 spear.
* * * LOW HITPOINT WARNING * * *
The gnoll hits you from afar with a +0 spear.
* * * LOW HITPOINT WARNING * * *
The gnoll hits you but does no damage.
The gnoll hits you from afar with a +0 spear.
* * * LOW HITPOINT WARNING * * *
Your transformation is almost over.
The gnoll hits you but does no damage. x2
The gnoll hits you but does no damage.
The gnoll hits you from afar with a +0 spear.
* * * LOW HITPOINT WARNING * * *
The gnoll hits you but does no damage. The gnoll hits you but does no damage.
The gnoll hits you but does no damage. x2
You feel less wooden.
Your +0 ring mail unmelds from your body.
You turn into a hulking beast.
The gnoll hits you from afar with a +0 spear.
* * * LOW HITPOINT WARNING * * *
The gnoll barely misses you. The gnoll hits you but does no damage.
You see here a +0 flail.
You barely miss the gnoll. You bite the gnoll. You drain its power.
You feel invigorated.
The gnoll is heavily wounded.
You hit the gnoll. Your bite misses the gnoll.
The gnoll is almost dead.
The gnoll barely misses you. The gnoll hits you with a +0 whip.
* * * LOW HITPOINT WARNING * * *
The gnoll hits you with a +0 spear.
* * * LOW HITPOINT WARNING * * *
The gnoll hits you with a +0 whip.
* * * LOW HITPOINT WARNING * * *
The air fills with toxic fumes!
As you read the scroll labelled DECVUKH LIRODE, it crumbles to dust.
It was a scroll of poison.
The gnoll closely misses you. The gnoll barely misses you.
You are engulfed in poison gas.
You are lethally poisoned!
Ouch! That really hurt!
You die...

#.....'.....##.......#
#.....
#.#####.....########...
....... #.##..'.†§..+
...........
#.##.##..§§.### ###
#...
#.##.##..§§§.....§§ ..
#.##.##...§§§####§# #
##.##.##.....§§.##§#.#
...##.##.....##§##§#§#
#####.######.##§h)g§§#
## #........#####g#§§#
#. ########## #§# §# #.
.§# #. ..§# ... #.###
... #. ... .. ... ..
+##


You could see 2 gnolls.

Vanquished Creatures
  2 gnolls (D:2)
  2 adders (D:2)
  A ball python (D:2)
  4 bats
  An endoplasm (D:1)
  A giant cockroach (D:2)
  A goblin (D:1)
  2 hobgoblins (D:1)
  2 jackals (D:1)
  A kobold (D:1)
  A frilled lizard (D:2)
  A rat (D:2)
19 creatures vanquished.

Notes
Turn   | Place    | Note
-------+----------+-------------------------------------------
     0 | D:1      | TacoSundae the Vine Stalker Shapeshifter began the quest
                  | for the Orb.
     0 | D:1      | Reached XP level 1. HP: 9/9 MP: 2/2
    28 | D:1      | Reached XP level 2. HP: 14/14 MP: 3/3
    41 | D:1      | You fall into a shaft and drop 1 floor!
   127 | D:2      | Reached skill level 4 in Shapeshifting
   127 | D:2      | Reached XP level 3. HP: 17/17 MP: 4/4
   288 | D:2      | Reached XP level 4. HP: 15/21 MP: 1/5
   313 | D:2      | HP: 1/21 [gnoll/+0 whip (2)]
   315 | D:2      | Engulfed by a cloud of poison gas

Illustrated notes

Levels and vault maps discovered:
D:1:      mrwooster_arrival_statue, layout_loops_ring, minmay_hexomino_p4
D:2:      layout_basic

Skill      XL: |  1  2 |
---------------+-------+-----
Shapeshifting  | 4 |  4.5
Fighting       | |  0.8
Dodging        | |  1.5
Unarmed Combat | |  3.0

Action                     |  1- 3 |  4- 6 || total
---------------------------+-------+-------++-------
  Melee: Unarmed           |    58 |     2 ||    60
         Bite              |    11 |     1 ||    12
         Punch             |     1 |       ||     1
    Use: Potion            |     1 |     1 ||     2
         Scroll            |       |     1 ||     1
 Armour: Animal skin       |    14 |       ||    14
         Ring mail         |    10 |     5 ||    15
         Skin              |     7 |    22 ||    29
  Dodge: Dodged            |    36 |     6 ||    42
